 Dungeon Crawl Stone Soup version 0.16.0-17-g811c1d7 (webtiles) character file.

1277 MDvedh the Ducker (level 8, -1/48 HPs)
             Began as a Deep Elf Fighter on Mar 21, 2015.
             Slain by an orc warrior
             ... wielding a cursed -3 flail
              (15 damage)
             ... on level 7 of the Dungeon.
             The game lasted 00:17:38 (6270 turns).

MDvedh the Ducker (Deep Elf Fighter)                Turns: 6270, Time: 00:17:40

Health: -1/48      AC: 11    Str: 13    XL:     8   Next: 29%
Magic:  32/32      EV: 12    Int: 15    God:
Gold:   81         SH:  8    Dex: 15    Spells: 0 memorised, 15 levels left

rFire  . . .     SeeInvis .     j - +3 short sword (speed)
rCold  . . .     Clarity  .     b - +3 ring mail
rNeg   . . .     SustAb   .     c - +0 shield
rPois  .         Gourm    +     A - +1 helmet
rElec  .         Spirit   .     x - +0 cloak
rCorr  .         Warding  .     (no gloves)
rMut   .         Stasis   .     (no boots)
MR     +....                    D - amulet of the gourmand
Stlth  +.........               v - ring of magical power
                                h - ring of protection from magic

@: somewhat resistant to hostile enchantments, very unstealthy
A: no striking features
a: no special abilities


You were on level 7 of the Dungeon.
You were not hungry.

You visited 2 branches of the dungeon, and saw 8 of its levels.

You collected 315 gold pieces.
You spent 234 gold pieces at shops.

Inventory:

Hand weapons
 a - a +0 rapier
 j - a +3 short sword of speed (weapon)
Armour
 b - a +3 ring mail (worn)
 c - a +0 shield (worn)
 x - a +0 cloak (worn)
 A - a +1 helmet (worn)
Jewellery
 h - a ring of protection from magic (left hand)
 v - a ring of magical power (right hand)
 z - an uncursed ring of positive energy
 D - an amulet of the gourmand (around neck)
Scrolls
 f - 3 scrolls of identify
 q - a scroll of blinking
 r - a scroll of enchant weapon
 w - a scroll of magic mapping
Potions
 g - 7 potions of curing
 i - 2 potions of heal wounds
 m - 2 potions of restore abilities
 o - a potion of agility
 p - a potion of resistance
 t - a potion of invisibility
 u - a potion of brilliance
Comestibles
 d - 4 bread rations
 k - 4 chunks of flesh


   Skills:
 + Level 4.8 Fighting
 - Level 4.8 Short Blades
 - Level 2.4 Armour
 + Level 7.5 Dodging
 - Level 2.4 Shields
 - Level 4.4 Spellcasting


You had 15 spell levels left.
You didn't know any spells.

Dungeon Overview and Level Annotations

Branches:
Dungeon (7/15)             Temple (1/1) D:4

Altars:
Ashenzari
Cheibriados
Dithmenos
Elyvilon
Fedhas
Gozag
Kikubaaqudgha
Makhleb
Nemelex Xobeh
Okawaru
Ru
Sif Muna
Trog
Xom
Zin
The Shining One

Shops:
D:5 ?


Message History

Something hits you.
The orc warrior hits you with an enchanted flail!
You hit the orc warrior but do no damage.
The orc warrior is severely wounded.
Something hits you but does no damage.
You hit the orc warrior but do no damage.
The orc warrior is severely wounded.
You hear some strange, mumbled words.
The puff of flame misses you.
The orc warrior hits you with an enchanted flail!
You hit the orc warrior.
The orc warrior is severely wounded.
Something hits you.
You hit the orc warrior.
The orc warrior is almost dead.
You hear some strange, mumbled words.
The magic dart hits you!
* * * LOW HITPOINT WARNING * * *
The orc warrior hits you with an enchanted flail!
You die...

#...+...#........ ..
+...#...'........
[..#+#.[.##..#........
#..........#..##'#.).#'
#..........'.....'.).'.
+..........#..##'#...##
+#...#'##'###..#.....###
......'...............#..
[....#o@................
. #.####.............
+o## ###.###......#
#..###....###.#####
###...###..........##
+....o###........####
####......#.......## #
...........##......# #
........#..##....## .


You could see an orc warrior and an orc.

Vanquished Creatures
  2 orc warriors
  3 slaves (D:4)
  A black bear (D:7)
  An ogre (D:6)
  A centaur (D:5)
  A scorpion (D:7)
  A goliath beetle (D:6)
  A giant frog skeleton (D:5)
  2 hounds
  An iguana (D:6)
  9 orc wizards
  An orc priest (D:7)
  4 worker ants
  A hound skeleton (D:5)
  Robin (D:3)
  7 adders
  3 gnolls (D:5)
  2 worms
  4 giant geckos
  2 oozes (D:1)
  12 orcs
  3 ball pythons
  13 bats
  A bat skeleton (D:5)
  A bat zombie (D:7)
  4 giant cockroaches
  14 hobgoblins
  8 jackals
  4 giant newts
  18 goblins
  9 kobolds
  2 quokkas
  A quokka zombie (D:5)
  11 rats
149 creatures vanquished.

Notes
Turn   | Place    | Note
--------------------------------------------------------------
     0 | D:1      | MDvedh, the Deep Elf Fighter, began the quest for the Orb.
     0 | D:1      | Reached XP level 1. HP: 13/13 MP: 2/2
   161 | D:1      | Reached XP level 2. HP: 18/18 MP: 4/4
   287 | D:1      | Reached skill level 3 in Short Blades
   733 | D:2      | Reached XP level 3. HP: 22/22 MP: 6/6
   786 | D:2      | Found a burning altar of Makhleb.
   907 | D:2      | Reached skill level 4 in Short Blades
  1231 | D:2      | Reached XP level 4. HP: 24/27 MP: 8/8
  1314 | D:2      | Found a glowing golden altar of the Shining One.
  1538 | D:3      | Noticed Robin
  1763 | D:3      | Killed Robin
  1764 | D:3      | Reached skill level 1 in Dodging
  1997 | D:3      | Found a shadowy altar of Dithmenos.
  2150 | D:3      | Reached skill level 1 in Spellcasting
  2150 | D:3      | Reached XP level 5. HP: 31/31 MP: 12/12
  2294 | D:3      | Found a sacrificial altar of Ru.
  2602 | D:4      | Found a staircase to the Ecumenical Temple.
  2621 | Temple   | Entered the Ecumenical Temple
  2888 | D:4      | Noticed a slave
  2910 | D:4      | Killed a slave
  2919 | D:4      | Noticed a slave
  2942 | D:4      | HP: 1/31 [slave[Pikel] (8)]
  2947 | D:4      | Killed a slave
  3180 | D:4      | Noticed a slave
  3200 | D:4      | Killed a slave
  3445 | D:5      | Entered Level 5 of the Dungeon
  3564 | D:5      | Noticed a centaur
  3599 | D:5      | Killed a centaur
  3599 | D:5      | Reached XP level 6. HP: 16/36 MP: 18/18
  3945 | D:5      | Found Olax's Magic Scroll Boutique.
  4020 | D:5      | Bought a scroll of identify for 24 gold pieces
  4020 | D:5      | Bought a scroll of identify for 24 gold pieces
  4020 | D:5      | Bought a scroll of identify for 24 gold pieces
  4020 | D:5      | Bought a scroll of blinking for 90 gold pieces
  4020 | D:5      | Bought a scroll of identify for 24 gold pieces
  4020 | D:5      | Bought a scroll of identify for 24 gold pieces
  4020 | D:5      | Bought a scroll of identify for 24 gold pieces
  4839 | D:6      | Reached skill level 5 in Dodging
  4839 | D:6      | Reached XP level 7. HP: 21/40 MP: 21/21
  5176 | D:6      | Reached skill level 6 in Dodging
  5770 | D:7      | Reached XP level 8. HP: 43/48 MP: 23/23
  5899 | D:7      | Found a sparkling altar of Nemelex Xobeh.
  5908 | D:7      | Reached skill level 7 in Dodging
  6007 | D:7      | Found an iron altar of Okawaru.
  6270 | D:7      | Slain by an orc warrior

Action                   |  1- 3 |  4- 6 |  7- 9 || total
-------------------------+-------+-------+-------++-------
Melee: Rapier            |    53 |       |       ||    53
       Short sword       |    54 |   296 |   162 ||   512
  Use: Scroll            |       |    18 |     3 ||    21
       Potion            |       |     1 |     2 ||     3
  Eat: Chunk             |     1 |     8 |     3 ||    12
       Fruit             |       |     2 |       ||     2
       Beef jerky        |       |     1 |       ||     1
       Royal jelly       |       |       |     1 ||     1
